Map: At Eternity's Edge LE

Players

OrgasmPower - Winner!

  • Race: Zerg Zerg
  • League: Master

Anarki

  • Race: Terran Terran
  • League: Diamond

VOD

Have the link to the VOD?

Description

build i made to beat terrans quick

Time

  • Played on: June 23, 2026, 9:50 a.m.
  • Length: 4:09
Show
View Real Time Build Order
Export as new Build Order

OrgasmPower Zerg - Winner!

Build Orders: Pool Only 

Get SALT Encoding   

  8  0:00  Drone  
  9  0:10  Drone  
  10  0:16  Drone  
  11  0:22  Drone  
  12  0:43  Spawning Pool  
  12  0:46  Drone  
  12  0:49  Extractor  
  11  0:55  Drone  
  12  1:05  Overlord  
  12  1:10  Extractor  
  11  1:12  Drone  
  12  1:29  Roach Warren  
  11  1:35  Drone  
  12  1:49  Overlord  
  12  1:55  Drone  
  13  2:09  Roach  
  13  2:14  Roach  
  17  2:23  Roach  
  19  2:31  Roach  
  21  2:39  Roach  
  23  2:48  Roach  
  25  3:08  Ravager  
  25  3:09  Ravager  
  27  3:13  Ravager  
  27  3:15  Overlord  
Show
View Real Time Build Order
Export as new Build Order

Anarki Terran 

Build Orders:  

Get SALT Encoding   

  8  0:00  SCV  
  9  0:12  SCV  
  10  0:24  SCV  
  11  0:29  Supply Depot  
  11  0:40  SCV  
  12  0:53  SCV  
  12  0:55  Barracks  
  13  1:05  SCV  
  13  1:07  Refinery  
  14  1:17  SCV  
  15  1:29  SCV  
  16  1:43  Marine  
  16  1:44  Orbital Command  
  17  2:01  Marine  
  18  2:09  SCV  
  19  2:20  Marine, Command Center  
  19  2:22  SCV  
  21  2:31  Supply Depot  
  21  2:40  Factory  
  21  3:02  SCV  
  21  3:04  Barracks Reactor  
  22  3:15  SCV  
  23  3:27  SCV  
  24  3:34  Hellion  
  24  3:35  Starport  
Tags
 
Add a new tag
Caveats
  • Supply blocks, unpowered buildings, or Contaminate may cause inaccurate times.
  • Supply counts are checked every 10 seconds.